 Dungeon Crawl Stone Soup version 0.30-a0-341-g682706514a (webtiles) character file.

Game seed: 822610669886894624

782 ytrimaz the Fighter (level 7, -12/81 HPs)
             Began as an Ogre Berserker on Nov 4, 2022.
             Was an Elder of Trog.
             Mangled by a gnoll
             ... wielding a +0 flail
             ... led by a gnoll sergeant
              (13 damage)
             ... on level 5 of the Dungeon.
             The game lasted 00:06:18 (5087 turns).

ytrimaz the Fighter (Ogre Berserker)                Turns: 5087, Time: 00:06:19

Health: -12/81     AC:  3    Str: 24    XL:     7   Next: 86%
Magic:  7/7        EV: 10    Int:  8    God:    Trog [****..]
Gold:   286        SH:  0    Dex:  8    Spells: 6/6 levels left

rFire   . . .      SeeInvis .    a - +0 mace
rCold   . . .      Faith    .    (no shield)
rNeg    . . .      Spirit   .    b - +0 animal skin
rPois   .          Reflect  .    (helmet restricted)
rElec   .          Harm     .    (no cloak)
rCorr   .          Rampage  .    (gloves unavailable)
Will    ++...                    (boots unavailable)
Stlth   +.........               (no amulet)
HPRegen 1.33/turn                (no ring)
MPRegen 0.10/turn                (no ring)

@: strong-willed (expiring), on berserk cooldown, regenerating (expiring),
slowed, very slow
A: large, unfitting armour, tough skin 1
a: Renounce Religion, Berserk, Trog's Hand, Brothers in Arms


You were on level 5 of the Dungeon.
You worshipped Trog.
Trog was greatly pleased with you.
You visited 1 branch of the dungeon, and saw 5 of its levels.
You also visited: Ossuary.

You collected 286 gold pieces.


Innate Abilities, Weirdness & Mutations

You are too large for most types of armour.
You have tough skin. (AC +1)


   Skills:
 + Level 8.9 Fighting
 + Level 6.1 Maces & Flails
 - Level 2.6 Dodging


You had 6 spell levels left.
You didn't know any spells.
Your spell library was empty.

Inventory:

Hand Weapons
 a - a +0 mace (weapon)
Armour
 b - a +0 animal skin (worn)
Wands
 d - a wand of polymorph (10)
   (You found it on level 2 of the Dungeon)
 k - a wand of flame (15)
   (You took it off a kobold on level 5 of the Dungeon)
 l - a wand of acid (8)
   (You found it on level 4 of the Dungeon)
Scrolls
 c - 3 scrolls of teleportation
 g - a scroll of fear
Potions
 e - a potion of curing
 f - a potion of ambrosia {unknown}
 h - 2 potions of lignification {unknown}
 i - a potion of berserk rage {unknown}
 j - a potion of might {unknown}
 o - 2 potions of heal wounds {unknown}

Dungeon Overview and Level Annotations

Branches:
Dungeon (5/15) Zot: 25934 Ossuary (visited)
 Temple: D:4-7

Altars:
Cheibriados
Dithmenos
Hepliaklqana
Makhleb
Nemelex Xobeh
Ru
Trog
Vehumet
Wu Jian

Annotations:
D:3 3 runed translucent doors, TheSexyCheese's ghost, amateur HOFi

# # ############
.<.........#
....######.### #########
.............###.......#
.##.######<.......#
.##.# ###..##g##
.##.########..##@#
.##.#<........#.).......
.##.#.####...##..#####..
.##...# ##†####..#
.########.†.# #...
....###..#### #...
###....'#### #'.#
######...#...#.#
#...#.>.#


You could see a gnoll.


Message History

😮 HP[-31]
You take 31 damage, and now have 42/81 hp.
MASSIVE DAMAGE!! (PAUSE)
The gnoll attacks as you move away! The gnoll hits you with a +0 flail.
* * * LOW HITPOINT WARNING * * *
😨 HP[-5]
You take 5 damage, and now have 37/81 hp.
Your skin crawls.
You feel strong-willed.
The gnoll barely misses you. 😨 HP[+1] Unknown command.
A red film seems to cover your vision as you go berserk!
You feel yourself moving faster!
You feel mighty! The gnoll hits you with a +0 flail.
* * * LOW HITPOINT WARNING * * *
The gnoll barely misses you. 😨 HP[+17]
You now have 121 max hp (+40).
You regained 17 hp, and now have 55/121 hp.
Unknown command.
You feel a strong urge to attack something. 😨 HP[+1] Unknown command.
You thump the gnoll! The gnoll barely misses you. The gnoll closely misses you.
The gnoll sergeant barely misses you. 😨 HP[+1] Unknown command.
You hit the gnoll. The gnoll hits you with a +0 flail!
* * * LOW HITPOINT WARNING * * *
The gnoll hits you with a +0 spear.
* * * LOW HITPOINT WARNING * * *
The gnoll sergeant hits you from afar with a +0 spear.
* * * LOW HITPOINT WARNING * * *
😨 HP[-16]
You take 16 damage, and now have 41/121 hp.
Unknown command.
You barely miss the gnoll. 😨 HP[+1] Unknown command.
You barely miss the gnoll. The gnoll hits you with a +0 flail.
* * * LOW HITPOINT WARNING * * *
The gnoll barely misses you.
The gnoll sergeant barely misses you. 😨 HP[-5]
You take 5 damage, and now have 37/121 hp.
You thump the gnoll!
You kill the gnoll!
Trog accepts your kill. The gnoll hits you with a +0 flail!
* * * LOW HITPOINT WARNING * * *
The gnoll sergeant closely misses you. 😨 HP[-6]
You take 6 damage, and now have 31/121 hp.
Unknown command.
You sock the gnoll!
You kill the gnoll!
Trog accepts your kill. The gnoll hits you with a +0 flail.
* * * LOW HITPOINT WARNING * * *
The gnoll sergeant closely misses you. 😱 HP[-2]
You take 2 damage, and now have 29/121 hp.
Things that are here:
a +0 club; 6 stones; a +0 spear; 😱 HP[+1] Unknown command.
You thump the gnoll sergeant!
The gnoll sergeant barely misses you. 😨 HP[+1] Unknown command.
You hit the gnoll sergeant. The gnoll hits you with a +0 flail!
* * * LOW HITPOINT WARNING * * *
The gnoll sergeant misses you. 😱 HP[-7]
You take 7 damage, and now have 24/121 hp.
The gnoll sergeant blocks your attack.
You feel the effects of Trog's Hand fading.
The gnoll barely misses you.
The gnoll sergeant hits you with a +0 spear.
* * * LOW HITPOINT WARNING * * *
😱 HP[-4]
You take 4 damage, and now have 20/121 hp.
Unknown command.
The gnoll sergeant blocks your attack. 😱 HP[+2]
You regained 2 hp, and now have 22/121 hp.
Unknown command.
You sock the gnoll sergeant!
You kill the gnoll sergeant!
Trog accepts your kill.
You are no longer berserk.
You are exhausted.
You feel yourself slow down. The gnoll hits you with a +0 flail!
* * * LOW HITPOINT WARNING * * *
Your Maces & Flails skill increases to level 6! 😱 HP[-15]
You now have 81 max hp (-40).
You hit the gnoll. The gnoll hits you with a +0 flail!
* * * LOW HITPOINT WARNING * * *
The gnoll hits you with a +0 flail!
You die...

Skill      XL: |  1  2  3  4  5  6  7 |
---------------+----------------------+-----
Maces & Flails | 3 4 5 6 |  6.1
Fighting       | 5 6 7 8 |  8.9
Dodging        | |  2.6

Action                   |  1- 3 |  4- 6 |  7- 9 || total
-------------------------+-------+-------+-------++-------
Melee: Mace              |   124 |   199 |   147 ||   470
       Punch             |       |     2 |     1 ||     3
Invok: Berserk           |       |     2 |     1 ||     3
       Trog's Hand       |       |     1 |     1 ||     2
  Use: Scroll            |     3 |     1 |     2 ||     6
 Stab: Distracted        |     1 |       |       ||     1
Armor: Animal skin       |    62 |    39 |    60 ||   161
Dodge: Dodged            |    84 |   118 |   110 ||   312

Levels and vault maps discovered:
D:1:      dpeg_arrival_tiny_a, layout_basic
D:2:      minmay_angry_zag, layout_basic, basic_altar, uniq_sigmund
D:3:      layout_loops_cross, nicolae_overflow_ecumenical_swirl,
          lemuel_crystal_altar, trog_butcher_becter,
          ebering_ecumenical_altar_hall, gammafunk_ghost_necromancy,
          kennysheep_cluttered_room
D:4:      layout_basic, overflow_temple_1_default, mainiacjoe_overflow_24_doors,
          gammafunk_temple_overflow_statue, hex_tiny
D:5:      lemuel_ratsnest, layout_loops_ring, vehumet_altar_wand_db,
          nicolae_gozag_zags_fifth_avenue, nicolae_ossuary_entry_false_entrances

Notes
Turn   | Place    | Note
-------+----------+-------------------------------------------
     0 | D:1      | ytrimaz the Ogre Berserker began the quest for the Orb.
     0 | D:1      | Reached XP level 1. HP: 24/24 MP: 1/1
     0 | D:1      | magus.rc [v1.9.6]
   148 | D:1      | Reached skill level 3 in Maces & Flails
   148 | D:1      | Reached XP level 2. HP: 33/33 MP: 2/2
   556 | D:1      | Reached ** piety under Trog
   559 | D:1      | Reached XP level 3. HP: 41/41 MP: 3/3
   860 | D:1      | Reached skill level 5 in Fighting
  1380 | D:2      | Reached XP level 4. HP: 46/50 MP: 4/4
  1565 | D:2      | Found a hazy altar of Hepliaklqana.
  1583 | D:2      | Reached *** piety under Trog
  1667 | D:2      | Noticed Sigmund
  1676 | D:2      | Killed Sigmund
  1677 | D:2      | Reached skill level 6 in Fighting
  1677 | D:2      | Reached skill level 4 in Maces & Flails
  1677 | D:2      | Reached XP level 5. HP: 61/61 MP: 5/5
  1677 | D:2      | Reached XP level 6. HP: 68/68 MP: 6/6
  2213 | D:3      | Found a faded altar of an unknown god.
  2219 | D:3      | Found a bloodstained altar of Trog.
  2306 | D:3      | Found a faded altar of an unknown god.
  2315 | D:3      | Found an ornate altar of the Wu Jian Council.
  2373 | D:3      | Found a runed translucent gate.
  2373 | D:3      | Found a runed translucent gate.
  2374 | D:3      | Found a runed translucent gate.
  2376 | D:3      | Noticed TheSexyCheese's ghost (amateur HOFi)
  2416 | D:3      | Found a shadowy altar of Dithmenos.
  2838 | D:4      | HP: 12/59 [orc priest/+0 flail (5)]
  2841 | D:4      | Reached skill level 7 in Fighting
  2842 | D:4      | HP: 5/93 [something/puff of flame (4)]
  3042 | D:4      | Found a sparkling altar of Nemelex Xobeh.
  3074 | D:4      | Found a burning altar of Makhleb.
  3117 | D:4      | Reached skill level 5 in Maces & Flails
  3524 | D:4      | Found a snail-covered altar of Cheibriados.
  3526 | D:4      | Found a sacrificial altar of Ru.
  3664 | D:5      | Entered Level 5 of the Dungeon
  3700 | D:5      | HP: 16/67 [poisoned by an adder]
  3705 | D:5      | HP: 13/67 [poisoned by an adder]
  3882 | D:5      | Found a radiant altar of Vehumet.
  3933 | D:5      | Found a sand-covered staircase.
  3938 | Ossuary  | Entered an ossuary
  4125 | Ossuary  | Reached XP level 7. HP: 26/79 MP: 7/7
  4463 | Ossuary  | Reached skill level 8 in Fighting
  4464 | Ossuary  | Reached **** piety under Trog
  5080 | D:5      | HP: 29/121 [gnoll/+0 flail[a gnoll sergeant] (3)]
  5086 | D:5      | HP: 7/81 [gnoll/+0 flail[a gnoll sergeant] (8)]
  5087 | D:5      | Reached skill level 6 in Maces & Flails
  5087 | D:5      | HP: 1/81 [gnoll/+0 flail[a gnoll sergeant] (9)]
  5087 | D:5      | Mangled by a gnoll

Vanquished Creatures
  Sigmund (D:2)
  2 elf zombies (Ossuary)
  A gnoll sergeant (D:5)
  2 centaur zombies (Ossuary)
  An orc priest (D:4)
  An iguana (D:4)
  An orc wizard (D:4)
  4 hound zombies (Ossuary)
  3 mummies (Ossuary)
  2 gnolls (D:5)
  2 adders
  An ufetubus (D:5)
  5 adder zombies (Ossuary)
  3 dart slugs
  3 orcs
  11 endoplasms
  7 giant cockroaches
  3 gnoll zombies (Ossuary)
  8 goblins
  9 hobgoblins
  11 jackals
  7 kobolds
  3 quokkas
  7 ball pythons
  3 bats
  3 frilled lizards
  3 goblin zombies (Ossuary)
  2 hobgoblin zombies (Ossuary)
  5 jackal zombies (Ossuary)
  A kobold zombie (Ossuary)
  An orc zombie (Ossuary)
  2 quokka zombies (Ossuary)
  3 rats
  4 rat zombies (Ossuary)
125 creatures vanquished.

Table legend:
 A = Non-vault XP
 B = Vault XP
 C = Vault XP percentage of total XP
 D = Non-vault monster count
 E = Vault monster count
 F = Vault count percentage of total count
                 A         B        C        D         E       F
            +---------+---------+-------+---------+---------+-------
      Total |     388 |     730 |  65.3 |      73 |      52 |  41.6
            +---------+---------+-------+---------+---------+-------
        D:1 |      56 |       0 |   0.0 |      31 |       0 |   0.0
        D:2 |      24 |     256 |  91.4 |      13 |      10 |  43.5
        D:3 |       8 |       7 |  46.7 |       4 |       4 |  50.0
        D:4 |     155 |       0 |   0.0 |      17 |       0 |   0.0
        D:5 |     145 |       2 |   1.4 |       8 |       1 |  11.1
    Ossuary |       0 |     465 | 100.0 |       0 |      37 | 100.0
            +---------+---------+-------+---------+---------+-------

Illustrated notes

Table legend:
 A = Kills in this place as a percentage of kills in entire the game.
 B = Kills by you in this place as a percentage of kills by you in the entire game.
 C = Kills by friends in this place as a percentage of kills by friends in the entire game.
 D = Other kills in this place as a percentage of other kills in the entire game.
 E = Experience gained in this place as a percentage of experience gained in the entire game.
 F = Experience gained in this place divided by the number of levels of this place that you have seen.
                   A       B       C       D       E      F
               +-------+-------+-------+-------+-------+----------------------
         Total | 100.0 | 100.0 |   N/A |   N/A | 100.0 | 186.3
       Dungeon |  70.4 |  70.4 |   N/A |   N/A |  58.4 | 130.6
       Ossuary |  29.6 |  29.6 |   N/A |   N/A |  41.6 | 465.0
               +-------+-------+-------+-------+-------+----------------------

Table legend: (Time is in decaauts)
 A = Elapsed time spent in this place.
 B = Non-inter-level travel time spent in this place.
 C = Inter-level travel time spent in this place.
 D = Time resting spent in this place.
 E = Time spent auto-exploring this place.
 F = Levels seen in this place.
 G = Mean time per level.
                   A        B        C        D        E       F      G
               +--------+--------+--------+--------+--------+-----+--------+
         Total |   5182 |   5053 |    129 |     64 |   3995 |   6 |  863.7 |
       Dungeon |   4063 |   3934 |    129 |     32 |   3210 |   5 |  812.6 |
       Ossuary |   1118 |   1118 |      0 |     32 |    785 |   1 | 1118.0 |
               +--------+--------+--------+--------+--------+-----+--------+

Top non-repeatable levels by time:
     D:1: 1140 daAuts
 Ossuary: 1118 daAuts
     D:4: 1044 daAuts
     D:3: 792 daAuts
     D:2: 756 daAuts
     D:5: 330 daAuts
